 Dungeon Crawl Stone Soup version 0.31.0-11-ge490571c62 (webtiles) character file.

Game seed: 10007428438034234641

27 qw the Shooter (level 2, 0/16 HPs)
             Began as a Deep Elf Hunter on Feb 4, 2024.
             Slain by a cerulean imp
             ... wielding a +1 spear
             ... summoned by Natasha
              (3 damage)
             ... on level 2 of the Dungeon.
             The game lasted 00:00:03 (598 turns).

qw the Shooter (Deep Elf Hunter)                     Turns: 598, Time: 00:00:03

Health: 0/16       AC:  4    Str:  8    XL:     2   Next: 93%
Magic:  4/4        EV: 12    Int: 13    God:
Gold:   47         SH:  0    Dex: 18    Spells: 1/1 levels left

rFire   . . .        a - +1 shortbow
rCold   . . .        (shield currently unavailable)
rNeg    . . .        c - +0 leather armour
rPois   .            (no helmet)
rElec   .            (no cloak)
rCorr   .            (no gloves)
SInv    .            i - +0 pair of boots
Will    .....        l - amulet of regeneration
Stlth   ++           (no ring)
HPRegen 1.02/turn    (no ring)
MPRegen 0.09/turn

%: no passive effects
@: no status effects
A: no striking features
a: no special abilities


You were on level 2 of the Dungeon.
You visited 1 branch of the dungeon, and saw 2 of its levels.

You collected 47 gold pieces.


   Skills:
 - Level 1.5 Fighting
 + Level 6.6 Ranged Weapons
 - Level 2.4 Dodging
 - Level 1.2 Stealth


You had one spell level left.
You didn't know any spells.
Your spell library was empty.

Inventory:

Hand Weapons
 a - a +1 shortbow (weapon)
Armour
 c - a +0 leather armour (worn)
 i - a +0 pair of boots (worn)
Jewellery
 l - an amulet of regeneration (around neck)
Potions
 e - a potion of might
 f - a potion of lignification {unknown}

Dungeon Overview and Level Annotations

Branches:
Dungeon (2/15)

Altars:

Annotations:
D:2 Natasha


Message History

You kill the ball python!
Natasha, Servant of Life and Death comes into view.
You shoot an arrow. The arrow hits Natasha.
Natasha hisses angrily.
Natasha is heavily wounded.
Natasha casts a spell at you. The magic dart hits you!
Ouch! That really hurt!
You shoot an arrow. The arrow hits Natasha.
Natasha is severely wounded.
You shoot an arrow. The arrow barely misses Natasha.
Natasha howls an incantation.
Natasha's front paws start to glow.
You shoot an arrow. The arrow barely misses Natasha.
Natasha misses you.
You shoot an arrow. The arrow barely misses Natasha.
Natasha claws you.
You shoot an arrow. The arrow closely misses Natasha.
Natasha casts a spell.
You shoot an arrow. The arrow closely misses Natasha.
Natasha claws you!
Ouch! That really hurt!
You shoot an arrow.
The arrow hits Natasha but does no damage.
Natasha is severely wounded.
Natasha stares at you and mumbles some strange words.
You resist with significant effort. The cerulean imp misses you.
You shoot an arrow.
The arrow hits Natasha but does no damage.
Natasha is severely wounded.
Natasha barely misses you. The cerulean imp barely misses you.
Natasha claws you.
You shoot an arrow.
The arrow hits Natasha but does no damage.
Natasha is severely wounded.
The cerulean imp completely misses you. Natasha claws you.
You shoot an arrow. The arrow hits Natasha.
Natasha is severely wounded.
The cerulean imp hits you from afar with a +1 spear.
You die...

#. #. #. #. #. #5
#h########
#.@......#
########.# #.# #.#
#.# #.#####.#####
#...........#
#...........######
#...........'....#


You could see Natasha and a cerulean imp (summoned).

Vanquished Creatures
  2 ball pythons
  A giant cockroach (D:2)
  A goblin (D:1)
  A hobgoblin (D:2)
  5 jackals (D:1)
  5 kobolds (D:1)
  2 quokkas (D:1)
  2 bats (D:1)
  4 rats
23 creatures vanquished.

Notes
Turn   | Place    | Note
-------+----------+-------------------------------------------
     0 | D:1      | qw the Deep Elf Hunter began the quest for the Orb.
     0 | D:1      | Reached XP level 1. HP: 12/12 MP: 3/3
     0 | D:1      | 0 ||| qw: Version: 0.3-a-160-g6735b56
     0 | D:1      | 0 ||| qw: Game counter: 5263
     0 | D:1      | 0 ||| qw: Melee chars always use a shield: true
     0 | D:1      | 0 ||| qw: God list: Okawaru
     0 | D:1      | 0 ||| qw: Allow faded altars: false
     0 | D:1      | 0 ||| qw: Do Orc after clearing Dungeon:15 true
     0 | D:1      | 0 ||| qw: Do second Lair branch before Depths: true
     0 | D:1      | 0 ||| qw: Lair rune preference: random
     0 | D:1      | 0 ||| qw: Goals: Normal
     0 | D:1      | 0 ||| PLANNING D:1-11
   166 | D:1      | Reached skill level 6 in Ranged Weapons
   166 | D:1      | Reached XP level 2. HP: 14/16 MP: 4/4
   453 | D:1      | 453 ||| UPGRADING to +0 pair of boots.
   458 | D:1      | 458 ||| UPGRADING to amulet of regeneration.
   463 | D:1      | 463 ||| READING scroll labelled POTUOS ATIMOGA.
   468 | D:1      | 468 ||| READING scroll labelled POIPNA LAGIVI.
   469 | D:1      | 469 ||| READING scroll labelled NOSTRU SUWKIRE.
   470 | D:1      | 470 ||| READING scroll labelled SADWAUD JAZE.
   471 | D:1      | 471 ||| READING scroll labelled PUVAXK ME SUPS.
   471 | D:1      | 471 ||| IDENTIFYING ruby potion
   472 | D:1      | 472 ||| READING scroll labelled YCIASK TITOTSI.
   472 | D:1      | 472 ||| ENCHANTING +0 shortbow.
   473 | D:1      | 473 ||| DROPPING scroll of butterflies.
   475 | D:1      | 475 ||| Stepping ~*~*~tactically~*~*~ (cloud).
   477 | D:1      | HP: 4/16 [poisoned by you (poison gas)]
   482 | D:1      | HP: 3/16 [poisoned by you (poison gas)]
   587 | D:2      | Noticed Natasha
   594 | D:2      | HP: 3/16 [Natasha (8)]
   598 | D:2      | Slain by a cerulean imp

Levels and vault maps discovered:
D:1:      minmay_arrival_hallway, layout_rooms, minmay_misc_feat_room
D:2:      layout_basic, basic_altar, grunt_decor_clamped, minmay_3d_cube,
          uniq_robin, uniq_natasha

Skill      XL: |  1 |
---------------+----+-----
Ranged Weapons | 6 |  6.6
Fighting       | |  1.5
Dodging        | |  2.4
Stealth        | |  1.2

Action                     || total
---------------------------++-------
   Fire: Shortbow          ||    67
    Use: Scroll            ||     6
 Armour: Leather armour    ||    27
  Dodge: Dodged            ||    25

Table legend:
 A = Non-vault XP
 B = Vault XP
 C = Vault XP percentage of total XP
 D = Non-vault monster count
 E = Vault monster count
 F = Vault count percentage of total count
                 A         B        C        D         E       F
            +---------+---------+-------+---------+---------+-------
      Total |      39 |       0 |   0.0 |      23 |       0 |   0.0
            +---------+---------+-------+---------+---------+-------
        D:1 |      32 |       0 |   0.0 |      19 |       0 |   0.0
        D:2 |       7 |       0 |   0.0 |       4 |       0 |   0.0
            +---------+---------+-------+---------+---------+-------
